 Dungeon Crawl Stone Soup version 0.30.0-5-g1a98f26d00 (webtiles) character file.

Game seed: 14395284778667229852

28 browni3141 the Covered (level 3, 0/31 HPs)
             Began as an Armataur Wanderer on May 9, 2023.
             Slain by a goblin
             ... wielding a +1 dagger of freezing
             ... led by Robin
              (1 damage)
             ... on level 3 of the Dungeon.
             The game lasted 00:02:29 (485 turns).

browni3141 the Covered (Armataur Wanderer)           Turns: 485, Time: 00:02:30

Health: 0/31       AC:  7    Str: 18    XL:     3   Next: 0%
Magic:  4/4        EV:  7    Int:  9    God:
Gold:   28         SH:  0    Dex: 13    Spells: 4/4 levels left

rFire   . . .        a - +2 dagger
rCold   . . .        (no shield)
rNeg    . . .        d - +0 scale mail
rPois   .            (no helmet)
rElec   .            (no cloak)
rCorr   .            (no gloves)
SInv    .            (no barding)
Will    .....        (no amulet)
Stlth   +            (no ring)
HPRegen 0.25/turn    (no ring)
MPRegen 0.09/turn

%: roll
@: no status effects
A: large, rugged brown scales 3, deformed body, armoured tail, roll, long
tongue, awkward tongue
a: no special abilities


You were on level 3 of the Dungeon.
You visited 1 branch of the dungeon, and saw 3 of its levels.

You collected 28 gold pieces.

Inventory:

Hand Weapons
 a - a +2 dagger (weapon)
 c - a +0 falchion
Armour
 d - a +0 scale mail (worn)
Scrolls
 b - a scroll of blinking
 e - a scroll of fear
 f - a scroll of torment {unknown}
 g - a scroll of identify {unknown}
 h - a scroll of noise {unknown}
 i - a scroll of immolation {unknown}


   Skills:
 * Level 2.1 Fighting
 - Level 2.6 Long Blades
 - Level 4.0 Armour
 - Level 3.2 Stealth
 - Level 1.0 Spellcasting


You had 4 spell levels left.
You didn't know any spells.
Your spell library contained the following spells:

 Spells                   Type           Power      Damage    Failure   Level
 Ensorcelled Hibernation  Hex/Ice        0%         N/A       86%         2
 Dazzling Flash           Conj/Hex       0%         N/A       97%         3
 Spider Form              Tmut/Pois      0%         N/A       97%         3
 Anguish                  Hex/Necr       0%         N/A       100%        4
 Agony                    Necr           0%         N/A       100%        5
 Silence                  Hex/Air        0%         N/A       100%        5


Dungeon Overview and Level Annotations

Branches:
Dungeon (3/15)

Altars:

Annotations:
D:3 Robin


Innate Abilities, Weirdness & Mutations

You are completely covered in rugged brown scales. (AC +3, +7% HP)
Armour fits poorly on your strangely shaped body.
You have a long armoured tail.
You roll when moving toward enemies. (Rampage)
Your long tongue fully drains potion bottles. (2x potion effects)
Your tongue gives you trouble enunciating. (1.5x scroll delay)


Message History

There are no items here.
You now have 22 gold pieces (gained 6).
There are no items here.
Found a stone staircase leading up.
A rat comes into view.
A rat is nearby!
A rat is nearby!
You roll towards the rat!
You roll towards the rat!
You roll towards the rat!
The helpless rat fails to defend itself.
You impale the rat!!
You kill the rat!
You see here a rat corpse.
No target in view!
No target in view!
Found a stone staircase leading down.
A quokka comes into view.
A quokka is nearby!
A quokka is nearby!
A quokka is nearby!
You can't go down here!
There is a stone staircase leading down here.
You climb downwards.
There is a stone staircase leading up here.
You now have 28 gold pieces (gained 6).
A bat comes into view.
The bat hits you but does no damage.
A bat is nearby!
A bat is nearby!
A bat is nearby!
You completely miss the bat. The bat hits you. The bat closely misses you.
You barely miss the bat.
Your tail-slap misses the bat.
The bat hits you. The bat hits you but does no damage. x2
You barely miss the bat. The bat barely misses you.
You roll towards the bat!
You barely miss the bat. The bat hits you but does no damage. x2
You miss the bat. The bat hits you but does no damage.
You hit the bat.
You kill the bat!
No target in view!
No target in view!
Key pressed, stopping explore.
You open the door.
There is an open door here.
A goblin comes into view. It is wielding a +1 dagger of freezing.
The goblin shouts!
A goblin is nearby!
A goblin is nearby!
A goblin is nearby!
You enter the shallow water. 3 goblins come into view.
The goblin shouts! x2; You hear a shout!
A goblin comes into view. It is wielding a +0 dagger.
You hear a shout!
Robin and a goblin come into view.
Robin is wielding a +5 heavy spear.
The goblin is wielding a +3 dagger of venom.
The goblin shouts!
A hobgoblin comes into view. 3 goblins come into view.
The goblin shouts! x3; The hobgoblin shouts!
Robin throws the goblin at you! The goblin barely misses you.
A hobgoblin comes into view.
The hobgoblin shouts!
The goblin unwields a +3 dagger of venom.
It stops dripping with poison.
The goblin wields a +0 sling.
The goblin shoots a sling bullet.
The sling bullet hits you.
You miss the goblin. You tail-slap the goblin.
The goblin is heavily wounded.
The goblin completely misses you. The goblin barely misses you.
Robin roars a battlecry!
The goblins go into a battle-frenzy!
The goblin shoots a sling bullet.
The sling bullet hits you but does no damage.
You barely miss the goblin.
The goblin is heavily wounded.
The goblin barely misses you. The goblin hits you but does no damage.
Robin throws the goblin at you! The goblin barely misses you.
You hit the goblin.
You kill the goblin!
The goblin hits you with a +1 dagger of freezing.
The goblin freezes you.
The goblin splashes around in the water.
The goblin hits you with a +0 club.
You have reached level 3!
Your experience leads to an increase in your attributes!
Increase (S)trength, (I)ntelligence, or (D)exterity?
You feel stronger. x2
You hit the goblin. Your punch misses the goblin.
The goblin is moderately wounded.
The goblin barely misses you.
The goblin unwields a +0 sling.
The goblin wields a +3 dagger of venom.
It begins to drip with poison!
The goblin hits you with a +3 dagger of venom.
The goblin splashes around in the water. x2
Robin hits you from afar with a +5 heavy spear!
* * * LOW HITPOINT WARNING * * *
The goblin barely misses you.
You barely miss the goblin.
The goblin hits you with a +1 dagger of freezing.
You die...

#.####### #.#≈≈~≈#
########.#≈~≈~#
#........'~≈~≈+
####.########≈~≈~#
##~≈~~..~≈# ≈≈~≈#
#...≈~≈.### #####
#...ggg≈.##
#...##.@g~≈.#
#.#~~≈ggg~.~~.. #
#~...#g.♣###.
#♣~.~ ~≈~≈ ###~
gg~~~ .. ..~♣.# .≈
≈....# ..# .#....


You could see Robin, a hobgoblin (strong) and 8 goblins.

Vanquished Creatures
  2 ball pythons (D:1)
  2 bats
  2 endoplasms (D:1)
  3 giant cockroaches (D:1)
  3 hobgoblins (D:1)
  5 jackals (D:1)
  2 goblins
  2 kobolds (D:1)
  3 rats
24 creatures vanquished.

Notes
Turn   | Place    | Note
-------+----------+-------------------------------------------
     0 | D:1      | browni3141 the Armataur Wanderer began the quest for the
                  | Orb.
     0 | D:1      | browni3141 set off with the following items: a +2 dagger, a
                  | scroll of blinking, a +0 falchion, a +0 scale mail, a
                  | scroll of fear.
     0 | D:1      | Reached XP level 1. HP: 14/14 MP: 2/2
    96 | D:1      | Reached XP level 2. HP: 20/24 MP: 3/3
   350 | D:1      | Reached skill level 4 in Armour
   370 | D:1      | You fall into a shaft and drop 1 floor!
   478 | D:3      | Noticed Robin
   484 | D:3      | Reached XP level 3. HP: 16/31 MP: 4/4
   484 | D:3      | HP: 1/31 [Robin/+5 heavy spear (9)]
   485 | D:3      | Slain by a goblin

Illustrated notes

Levels and vault maps discovered:
D:1:      amcnicky_arrival_blooded_trapdoor, layout_rooms
D:2:      minmay_evil_eye, layout_loops_ring, serial_shops, shop
D:3:      layout_loops_cross, serial_rivers, chequers_serial_rivers_small_3,
          chequers_serial_rivers_micro_e, chequers_serial_rivers_marsh,
          chequers_serial_rivers_room_b, chequers_serial_rivers_small_3,
          chequers_serial_rivers_small_3, uniq_robin

Skill      XL: |  1  2 |
---------------+-------+-----
Fighting       | 1 2 |  2.1
Armour         | 4 |  4.0
Long Blades    | |  2.6
Stealth        | |  3.2
Spellcasting   | |  1.0

Action                     || total
---------------------------++-------
  Melee: Dagger            ||   102
         Tailslap          ||     9
   Stab: Sleeping          ||     1
 Armour: Scale mail        ||    63
  Dodge: Dodged            ||    44
